[ AOE2 MATCH · #482899939 ]
Team RMByzantines vs Turks
[ REPLAY ANALYSIS · EXTRACTED FROM THE RECORDED GAME ]
Feudal
—
Castle
—
Imperial
—
| APM avg | 30.2 |
| APM peak | 58 |
| eAPM avg | 9.2 |
| Villagers / military | 22 / 0 |
Focus
⚔️ 7.3% · 🌾 92.7%
Feudal
—
Castle
—
Imperial
—
| APM avg | 18.7 |
| APM peak | 37 |
| eAPM avg | 9.5 |
| Villagers / military | 27 / 0 |
Focus
⚔️ 7.7% · 🌾 92.3%
Feudal
—
Castle
—
Imperial
—
| APM avg | 23.5 |
| APM peak | 32 |
| eAPM avg | 6.7 |
| Villagers / military | 18 / 0 |
Focus
⚔️ 3.1% · 🌾 96.9%
Feudal
—
Castle
—
Imperial
—
| APM avg | 58.1 |
| APM peak | 96 |
| eAPM avg | 16.0 |
| Villagers / military | 19 / 0 |
Focus
⚔️ 39.1% · 🌾 60.9%
Feudal
—
Castle
—
Imperial
—
| APM avg | 24.0 |
| APM peak | 39 |
| eAPM avg | 8.2 |
| Villagers / military | 10 / 0 |
Focus
⚔️ 0.0% · 🌾 100.0%
Feudal
—
Castle
—
Imperial
—
| APM avg | 26.0 |
| APM peak | 48 |
| eAPM avg | 5.8 |
| Villagers / military | 5 / 0 |
Focus
⚔️ 3.7% · 🌾 96.3%
Match map
Initial resources + every placement click. Lines = walls · curves = elevation contours. ◆ gold · ⬟ stone · ● berries · ✦ relic · ◌ wall gap
Your base
PhOeNiX's base
İskender Büyük's base
Breach's base
Beni's base
MEKOO's base
Smoothed initial terrain · ◌ = detected wall gap · hover for details
Inputs per minute
— drdany - - PhOeNiX
Build order — drdany
27 actions detected in the replay
| 0:02 | Build | House |
| 0:06 | Build | House |
| 0:07 | Create | Villager (Male) |
| 0:08 | Create | Villager (Male) |
| 0:08 | Create | Villager (Male) |
| 0:08 | Create | Villager (Male) |
| 0:09 | Create | Villager (Male) |
| 1:42 | Create | Villager (Male) |
| 1:43 | Create | Villager (Male) |
| 2:14 | Create | Villager (Male) |
| 2:15 | Create | Villager (Male) |
| 2:24 | Create | Villager (Male) |
| 2:24 | Create | Villager (Male) |
| 2:47 | Build | House |
| 3:12 | Create | Villager (Male) |
| 3:12 | Create | Villager (Male) |
| 3:12 | Create | Villager (Male) |
| 3:46 | Create | Villager (Male) |
| 3:46 | Create | Villager (Male) |
| 3:46 | Create | Villager (Male) |
| 4:34 | Build | Mill |
| 4:56 | Create | Villager (Male) |
| 4:57 | Create | Villager (Male) |
| 4:57 | Create | Villager (Male) |
| 4:59 | Research | Loom |
| 5:05 | Create | Villager (Male) |
| 5:05 | Create | Villager (Male) |
Build order — PhOeNiX
33 actions detected in the replay
| 0:01 | Create | Villager (Male) |
| 0:01 | Create | Villager (Male) |
| 0:01 | Create | Villager (Male) |
| 0:04 | Build | House |
| 0:08 | Build | House |
| 0:57 | Create | Villager (Male) |
| 0:57 | Create | Villager (Male) |
| 1:36 | Create | Villager (Male) |
| 1:36 | Create | Villager (Male) |
| 2:03 | Create | Villager (Male) |
| 2:03 | Create | Villager (Male) |
| 2:04 | Create | Villager (Male) |
| 2:18 | Build | Lumber Camp |
| 2:33 | Create | Villager (Male) |
| 2:34 | Create | Villager (Male) |
| 2:41 | Build | House |
| 3:05 | Create | Villager (Male) |
| 3:05 | Create | Villager (Male) |
| 3:26 | Create | Villager (Male) |
| 3:26 | Create | Villager (Male) |
| 4:13 | Create | Villager (Male) |
| 4:14 | Create | Villager (Male) |
| 4:14 | Create | Villager (Male) |
| 4:47 | Create | Villager (Male) |
| 4:47 | Create | Villager (Male) |
| 4:59 | Build | House |
| 5:17 | Create | Villager (Male) |
| 5:17 | Create | Villager (Male) |
| 5:33 | Build | Mill |
| 5:39 | Create | Villager (Male) |
| 5:39 | Create | Villager (Male) |
| 5:59 | Create | Villager (Male) |
| 5:59 | Create | Villager (Male) |
Build order — İskender Büyük
23 actions detected in the replay
| 0:13 | Create | Villager (Male) |
| 0:13 | Create | Villager (Male) |
| 0:13 | Create | Villager (Male) |
| 0:13 | Create | Villager (Male) |
| 0:14 | Create | Villager (Male) |
| 0:16 | Build | House |
| 0:18 | Build | House |
| 1:42 | Create | Villager (Male) |
| 2:23 | Create | Villager (Male) |
| 2:23 | Create | Villager (Male) |
| 2:30 | Create | Villager (Male) |
| 2:30 | Create | Villager (Male) |
| 2:47 | Build | Lumber Camp |
| 3:07 | Create | Villager (Male) |
| 3:12 | Create | Villager (Male) |
| 4:02 | Create | Villager (Male) |
| 4:02 | Create | Villager (Male) |
| 4:32 | Build | House |
| 4:42 | Create | Villager (Male) |
| 4:42 | Create | Villager (Male) |
| 4:58 | Research | Loom |
| 5:04 | Create | Villager (Male) |
| 5:04 | Create | Villager (Male) |
Build order — Breach
24 actions detected in the replay
| 0:00 | Create | Villager (Male) |
| 0:00 | Create | Villager (Male) |
| 0:00 | Create | Villager (Male) |
| 0:02 | Build | House |
| 0:03 | Build | House |
| 0:31 | Create | Villager (Male) |
| 0:31 | Create | Villager (Male) |
| 1:24 | Create | Villager (Male) |
| 1:43 | Build | Lumber Camp |
| 1:51 | Create | Villager (Male) |
| 1:52 | Create | Villager (Male) |
| 2:31 | Create | Villager (Male) |
| 2:32 | Create | Villager (Male) |
| 2:55 | Create | Villager (Male) |
| 3:46 | Create | Villager (Male) |
| 3:46 | Create | Villager (Male) |
| 3:47 | Create | Villager (Male) |
| 4:43 | Research | Loom |
| 4:43 | Create | Villager (Male) |
| 4:50 | Build | House |
| 5:07 | Create | Villager (Male) |
| 5:07 | Create | Villager (Male) |
| 5:25 | Create | Villager (Male) |
| 5:26 | Create | Villager (Male) |
Build order — Beni
15 actions detected in the replay
| 0:01 | Create | Villager (Male) |
| 0:02 | Create | Villager (Male) |
| 0:02 | Create | Villager (Male) |
| 0:04 | Build | House |
| 0:06 | Build | House |
| 1:06 | Create | Villager (Male) |
| 2:32 | Create | Villager (Male) |
| 2:33 | Create | Villager (Male) |
| 2:33 | Create | Villager (Male) |
| 2:43 | Build | Lumber Camp |
| 3:15 | Create | Villager (Male) |
| 3:29 | Create | Villager (Male) |
| 3:57 | Create | Villager (Male) |
| 4:44 | Build | House |
| 4:45 | Build | House |
Build order — MEKOO
14 actions detected in the replay
| 0:30 | Create | Villager (Male) |
| 0:31 | Create | Villager (Male) |
| 0:31 | Create | Villager (Male) |
| 0:31 | Create | Villager (Male) |
| 0:32 | Create | Villager (Male) |
| 0:39 | Build | House |
| 0:40 | Build | House |
| 0:42 | Build | House |
| 0:44 | Build | House |
| 0:46 | Build | House |
| 0:47 | Build | House |
| 0:49 | Build | House |
| 0:50 | Build | House |
| 4:54 | Build | Mining Camp |
Match timeline
| 5:26 | İskender Büyük · resign |
[ AI ANALYSIS · 1 CREDIT ]
What really happened in this match?
Wolo.gg analyzes every decision: build order, eco, micro, common mistakes by bracket. Personalized analysis on WhatsApp or Discord in 30 seconds.
Civ guide
Byzantines
Map guide
Seasons
Perfil
Jugador #24764421